 Dungeon Crawl Stone Soup version 0.25-a0-578-gc91f01c39c (webtiles) character file.

Game seed: 6068384665035362161, levelgen mode: deterministic

621 Jindul the Poker (level 7, -1/55 (56) HPs)
             Began as a Demonspawn Chaos Knight on Dec 19, 2019.
             Was a Plaything of Xom.
             Slain by a scorpion (12 damage)
             ... on level 4 of the Dungeon on Mar 3, 2020.
             The game lasted 00:21:05 (4211 turns).

Jindul the Poker (Demonspawn Chaos Knight)          Turns: 4211, Time: 00:21:06

HP:   -1/55 (56)    AC:  7    Str: 12 (14) XL:     7   Next: 22%
MP:   7/7           EV: 12    Int: 12 (13) God:    Xom [..*...]
Gold: 249           SH:  0    Dex: 11 (13) Spells: 6/6 levels left

rFire    . . .     SeeInvis .   a - +1 spear (chaos)
rCold    . . .     Gourm    .   (no shield)
rNeg     . . .     Faith    .   b - +2 leather armour
rPois    .         Spirit   .   t - +0 helmet
rElec    .         Reflect  .   (no cloak)
rCorr    .         Harm     .   (no gloves)
MR       .....                  (no boots)
Stlth    +.........             (no amulet)
HPRegen  0.18/turn              (no ring)
MPRegen  0.10/turn              (no ring)

@: lethally poisoned (-1 -> -26)
A: talons 1, rugged brown scales 1, powered by death 1
a: Renounce Religion


You were on level 4 of the Dungeon.
You worshipped Xom.
You were a toy of Xom.
You were not hungry.

You visited 2 branches of the dungeon, and saw 6 of its levels.
You also visited: Sewer.

You collected 249 gold pieces.

Inventory:

Hand Weapons
 a - a +1 spear of chaos (weapon)
 g - a cursed -2 whip
Missiles
 k - 4 silver boomerangs (quivered)
Armour
 b - a +2 leather armour (worn)
 o - a +0 hat
 t - a +0 helmet (worn)
Wands
 r - a wand of digging (6)
Scrolls
 d - 5 scrolls of identify
 e - 7 scrolls of teleportation
 f - 5 scrolls of remove curse
 n - a scroll of amnesia
 q - a scroll of blinking
Potions
 h - 2 potions of haste {unknown}
 i - a potion of invisibility
 l - 2 potions of cancellation
 m - a potion of stabbing
 p - 6 potions of flight
Comestibles
 c - 11 rations
 j - 10 chunks of flesh


   Skills:
 + Level 4.9 Fighting
 * Level 5.9 Polearms
 - Level 2.0 Armour
 - Level 3.0 Dodging


You had 6 spell levels left.
You didn't know any spells.
Your spell library was empty.

Dungeon Overview and Level Annotations

Branches:
Dungeon (5/15)             Temple (1/1) D:4           Sewer (visited)

Altars:
Ashenzari
Cheibriados
Dithmenos
Elyvilon
Fedhas
Gozag
Hepliaklqana
Kikubaaqudgha
Makhleb
Okawaru
Qazlal
Ru
Sif Muna
Trog
Uskayaw
Vehumet
Wu Jian
Xom
Yredelemnul
Zin
The Shining One

Annotations:
D:3 Grinder
D:4 Menkaure


Innate Abilities, Weirdness & Mutations

You have sharp toenails.
You are partially covered in rugged brown scales. (AC +1, +3% HP)
You regenerate a little health from kills.


Message History

You are more poisoned.
Something poisons you!
You hit something. You freeze something. Your kick misses something.
You feel sick.
Something stings you but does no damage.
You hit something but do no damage.
You feel sick. Something stings you!
You are lethally poisoned!
Something poisons you!
You miss something.
You feel sick. Something stings you. x2
* * * LOW HITPOINT WARNING * * *
You are more poisoned.
Something poisons you!
You hit something. Your kick misses something.
* * * LOW HITPOINT WARNING * * *
You feel sick.
* * * LOW HITPOINT WARNING * * *
You feel very sick. The scorpion closely misses you. Something stings you!
You die...
Xom guffaws!

######
###################.....#
#.......[...............#
#
#.#########.##..........##
## #.# #.###........... ..
. #.# #.# #.###...s.#. #..
#.# #.###@#......... ..#
#.# #....s{.....# .. #.#
........###...# # #.#
###..(..# ....... #
#.####.# #.###.# ...#### #
#......# #. #.. ..... .
#.. ##.######### ...
...### .M.#. #..........
#.. .... ......
#..######## #. ##.#.
......


You could see a scorpion.

Vanquished Creatures
  An orc warrior (D:5)
  A sky beast (D:5)
  2 crimson imps (D:5)
  An orc priest (D:4)
  Ijyb (D:4)
  2 orc wizards
  2 worker ants
  6 adders
  A shadow imp (D:5)
  5 oozes
  6 worms
  4 dart slugs (D:1)
  4 leopard geckos
  16 orcs
  2 ball pythons (Sewer)
  5 giant cockroaches
  5 goblins
  2 hobgoblins (D:1)
  14 jackals
  6 kobolds (D:1)
  A quokka (D:5)
  13 bats
  4 frilled lizards
  8 rats
112 creatures vanquished.

Notes
Turn   | Place    | Note
-------+----------+-------------------------------------------
     0 | D:1      | Jindul the Demonspawn Chaos Knight began the quest for the
                  | Orb.
     0 | D:1      | Reached XP level 1. HP: 18/18 MP: 1/1
     1 | D:1      | Found a shimmering blue altar of Sif Muna.
    51 | D:1      | Reached skill level 1 in Dodging
    74 | D:1      | XOM: silly message
    82 | D:1      | Reached skill level 3 in Polearms
    82 | D:1      | Gained mutation: You have sharp toenails. [demonic
                  | ancestry]
    82 | D:1      | Reached XP level 2. HP: 22/24 MP: 2/2
   132 | D:1      | XOM: harmless Necr miscast
   135 | D:1      | XOM: harmless Ice miscast
   144 | D:1      | XOM: 2-stop teleportation journey
   242 | D:1      | Reached XP level 3. HP: 26/29 MP: 3/3
   870 | D:2      | XOM: 5-stop teleportation journey
   871 | D:2      | Upgraded the game from 0.25-a0-294-gea9b1ad378 to
                  | 0.25-a0-578-gc91f01c39c
  1498 | D:3      | Gained mutation: You regenerate a little health from kills.
                  | [demonic ancestry]
  1498 | D:3      | Reached XP level 4. HP: 35/35 MP: 4/4
  1541 | D:3      | Noticed Grinder
  1718 | D:4      | Reached skill level 4 in Polearms
  1752 | D:4      | Found a staircase to the Ecumenical Temple.
  1758 | Temple   | Entered the Ecumenical Temple
  1965 | D:4      | Noticed a centaur
  1966 | D:4      | XOM: confuse monster(s)
  1972 | D:4      | a centaur changed into a worm
  2028 | D:4      | Reached XP level 5. HP: 36/42 MP: 5/5
  2044 | D:4      | Noticed Menkaure
  2149 | D:5      | Entered Level 5 of the Dungeon
  2149 | D:5      | Noticed an orc warrior
  2166 | D:5      | XOM: confuse monster(s)
  2389 | D:5      | Found a glowing drain.
  2414 | Sewer    | Entered a sewer
  2556 | Sewer    | XOM: harmless Necr miscast
  3222 | D:5      | Reached XP level 6. HP: 48/48 MP: 6/6
  3239 | D:5      | Noticed a sky beast
  3273 | D:5      | XOM: mild Necr miscast
  3276 | D:5      | Killed a sky beast
  3276 | D:5      | Reached skill level 5 in Polearms
  3422 | D:5      | XOM: noise
  3869 | D:5      | Killed an orc warrior
  3869 | D:5      | Gained mutation: You are partially covered in rugged brown
                  | scales. (AC +1, +3% HP) [demonic ancestry]
  3869 | D:5      | Reached XP level 7. HP: 15/55 MP: 7/7
  3948 | D:5      | XOM: harmless Pois miscast
  4165 | D:4      | Noticed Ijyb
  4181 | D:4      | Killed Ijyb
  4211 | D:4      | Slain by a scorpion

Levels and vault maps discovered:
D:1:      sevenhm_arrival_forest_fort_small_6, layout_rooms
D:2:      layout_basic, serial_glass, glass_columns_a, glass_columns_a,
          first_ration
D:3:      layout_basic, uniq_grinder
D:4:      layout_loops_ring, minmay_temple_entry_fiery,
          hangedman_abyss_or_decor_stabs, uniq_ijyb, uniq_blork_the_orc,
          uniq_menkaure
D:5:      layout_cave_pods, gup_sewer_entry_glass
Temple:   compressed_dpeg_circular_temple

Skill      XL: |  1  2  3  4  5  6 |
---------------+-------------------+-----
Dodging        | 1 2 3 |  3.0
Polearms       | 3 4 5 |  5.9
Armour         | 2 |  2.0
Fighting       | 4 |  4.9

Action                   |  1- 3 |  4- 6 |  7- 9 || total
-------------------------+-------+-------+-------++-------
Melee: Spear             |   118 |   237 |    55 ||   410
       Kick              |    13 |    44 |     9 ||    66
  Use: Potion            |     1 |     7 |       ||     8
       Scroll            |       |     9 |       ||     9
 Stab: Sleeping          |     2 |     1 |       ||     3
       Confused          |     1 |     1 |       ||     2
       Distracted        |     1 |       |       ||     1
       Paralysed         |       |     3 |       ||     3
       Petrifying        |       |     1 |       ||     1
  Eat: Chunk             |     1 |     8 |     2 ||    11
Armor: Leather armour    |    31 |    57 |    25 ||   113
Dodge: Dodged            |    61 |    96 |    36 ||   193

Table legend:
 A = Non-vault XP
 B = Vault XP
 C = Vault XP percentage of total XP
 D = Non-vault monster count
 E = Vault monster count
 F = Vault count percentage of total count
                 A         B        C        D         E       F
            +---------+---------+-------+---------+---------+-------
      Total |     748 |     140 |  15.8 |      84 |      28 |  25.0
            +---------+---------+-------+---------+---------+-------
        D:1 |      57 |       0 |   0.0 |      29 |       0 |   0.0
        D:2 |      14 |       0 |   0.0 |       8 |       0 |   0.0
        D:3 |      34 |       0 |   0.0 |       7 |       0 |   0.0
        D:4 |     177 |      36 |  16.9 |      22 |       1 |   4.3
        D:5 |     466 |      18 |   3.7 |      18 |       3 |  14.3
      Sewer |       0 |      86 | 100.0 |       0 |      24 | 100.0
            +---------+---------+-------+---------+---------+-------
